 Dungeon Crawl Stone Soup version 0.30-a0-341-g682706514a (webtiles) character file.

Game seed: 7520169940419001862

87 bande the Trooper (level 4, -1/29 HPs)
             Began as a Gargoyle Fighter on Nov 4, 2022.
             Slain by Crazy Yiuf
             ... wielding a +4 quarterstaff of chaos
              (5 damage)
             ... on level 2 of the Dungeon.
             The game lasted 00:02:56 (1987 turns).

bande the Trooper (Gargoyle Fighter)                Turns: 1987, Time: 00:02:56

Health: -1/29      AC: 14    Str: 19    XL:     4   Next: 51%
Magic:  4/4        EV: 12    Int:  9    God:
Gold:   81         SH:  4    Dex: 11    Spells: 3/3 levels left

rFire   . . .      SeeInvis .    a - +0 war axe
rCold   . . .      Faith    .    c - +0 buckler
rNeg    + . .      Spirit   .    n - +0 chain mail
rPois   ∞          Reflect  .    (no helmet)
rElec   +          Harm     .    (no cloak)
rCorr   .          Rampage  .    (no gloves)
Will    .....                    m - +0 pair of boots
Stlth   ..........               (no amulet)
HPRegen 0.24/turn                (no ring)
MPRegen 0.09/turn                (no ring)

@: agile, slowed, very slow
A: sickness immunity, AC +3, negative energy resistance 1, electricity
resistance, torment resistance 1, petrification resistance
a: no special abilities


You were on level 2 of the Dungeon.
You visited 1 branch of the dungeon, and saw 2 of its levels.

You collected 81 gold pieces.

Inventory:

Hand Weapons
 a - a +0 war axe (weapon)
Armour
 c - a +0 buckler (worn)
 m - a +0 pair of boots (worn)
 n - a +0 chain mail (worn)
Jewellery
 h - an amulet of faith
Scrolls
 e - a scroll of fear {unknown}
 g - 3 scrolls of fog {unknown}
 i - 3 scrolls of brand weapon {unknown}
 j - a scroll of identify {unknown}
 k - a scroll of teleportation {unknown}
 l - 2 scrolls of noise {unknown}
Potions
 b - a potion of brilliance {unknown}
 d - a potion of might
 f - 4 potions of curing {unknown}
 o - a potion of heal wounds {unknown}
 p - a potion of haste {unknown}


   Skills:
 + Level 4.1 Fighting
 + Level 2.8 Axes
 + Level 3.8 Armour
 + Level 3.7 Shields


You had 3 spell levels left.
You didn't know any spells.
Your spell library contained the following spells:

 Spells                   Type           Power      Damage    Failure   Level
 Leda's Liquefaction      Hex/Erth       0%         N/A       100%        4
 Lee's Rapid Deconstruct  Erth           0%         3d4*      100%        5
 Statue Form              Tmut/Erth      Unusable   N/A       N/A         6

Dungeon Overview and Level Annotations

Branches:
Dungeon (2/15)

Altars:
Yredelemnul

Annotations:
D:2 Crazy Yiuf


Innate Abilities, Weirdness & Mutations

You are immune to sickness and miasma.
Your stone body is resilient. (AC +3)
You are immune to poison.
You resist negative energy. (rN+)
You are resistant to electric shocks. (rElec)
You are resistant to unholy torment.
You are immune to petrification.


Message History

The worm is severely wounded.
The worm closely misses you.
You slash the worm!
You kill the worm!
No target in view!
No target in view!
No target in view!
No target in view!
No target in view!
No target in view!
Crazy Yiuf shouts!
Crazy Yiuf says, "Ghoul sing snockshim!"
Could not explore, unopened runed door.
You open the door. You slash Crazy Yiuf!
Crazy Yiuf is severely wounded.
Crazy Yiuf cries, "Two!"
Crazy Yiuf closely misses you. You block Crazy Yiuf's attack.
You barely miss Crazy Yiuf.
Crazy Yiuf is severely wounded.
You block Crazy Yiuf's attack.
You hit Crazy Yiuf.
Crazy Yiuf is severely wounded.
Crazy Yiuf hits you but does no damage.
You feel yourself slow down.
Crazy Yiuf hits you with a +4 quarterstaff of chaos!
Ouch! That really hurt!
Crazy Yiuf freezes you.
You barely miss Crazy Yiuf.
Crazy Yiuf is severely wounded.
Crazy Yiuf hits you with a +4 quarterstaff of chaos.
* * * LOW HITPOINT WARNING * * *
You suddenly lose the ability to move!
Crazy Yiuf whimpers, "Trifle!
You light mumblescurry."
Crazy Yiuf hits you with a +4 quarterstaff of chaos.
* * * LOW HITPOINT WARNING * * *
You feel agile all of a sudden.
You can move again.
You hit Crazy Yiuf but do no damage.
Crazy Yiuf is severely wounded.
Crazy Yiuf hits you with a +4 quarterstaff of chaos.
You die...

..####.....####....###.........##
.........### ##..## #.........##
.#.#####.# ♣....♣ #.........##
...#...#.# ♣♣...♣ #.......####
...#.#.#.### ♣♣.♣♣ ############
....<......# ♣♣.♣ #...........
########.### ♣.♣♣ #...........
...........# ♣♣.♣ #..#........
......##...# ♣@♣♣ #..##.####..
...........# #g# #..##.## #..
...........# ... #..##..###..
.#####.....# #...# #..###...#..
...........# #)..# #...........
....##.....# ##### ##.......###
...........# #.........#
...........##### ####..........
.###...........# #.†..####.....


You could see Crazy Yiuf.

Vanquished Creatures
  3 adders (D:2)
  A worm (D:2)
  2 dart slugs (D:2)
  9 ball pythons
  6 bats
  5 endoplasms
  A giant cockroach (D:2)
  5 goblins
  4 hobgoblins (D:1)
  A jackal (D:2)
  A quokka (D:2)
  A frilled lizard (D:2)
  7 kobolds
  9 rats
55 creatures vanquished.

Vanquished Creatures (others)
  2 plants (D:1)
2 creatures vanquished.

Grand Total: 57 creatures vanquished

Notes
Turn   | Place    | Note
-------+----------+-------------------------------------------
     0 | D:1      | bande the Gargoyle Fighter began the quest for the Orb.
     0 | D:1      | Reached XP level 1. HP: 14/14 MP: 1/1
    47 | D:1      | You fall into a shaft and drop 1 floor!
   109 | D:2      | Reached XP level 2. HP: 19/19 MP: 2/2
   277 | D:2      | Reached XP level 3. HP: 23/24 MP: 3/3
   791 | D:2      | Found a runed translucent door.
   792 | D:2      | Noticed Crazy Yiuf
   984 | D:1      | Found a faded altar of an unknown god.
  1069 | D:1      | Reached skill level 4 in Fighting
  1213 | D:1      | Reached XP level 4. HP: 29/29 MP: 4/4
  1620 | D:2      | Found a basalt altar of Yredelemnul.
  1986 | D:2      | Paralysed by Crazy Yiuf for 2 turns
  1987 | D:2      | Slain by Crazy Yiuf

Illustrated notes

Levels and vault maps discovered:
D:1:      psy_arrival_whirlpool, layout_loops_ring,
          shapermc_ecumenical_altar_acropolis
D:2:      minmay_recursive_quarters, layout_basic, basic_altar,
          uniq_crazy_yiuf_cottage

Skill      XL: |  1  2  3 |
---------------+----------+-----
Axes           | 2 |  2.8
Fighting       | 4 |  4.1
Armour         | |  3.8
Shields        | |  3.7

Action                   |  1- 3 |  4- 6 || total
-------------------------+-------+-------++-------
Melee: War axe           |    82 |    63 ||   145
Armor: Scale mail        |    39 |     6 ||    45
       Chain mail        |       |    31 ||    31
Dodge: Dodged            |    33 |    22 ||    55
Block: Buckler           |    19 |    12 ||    31

Table legend: (Time is in decaauts)
 A = Elapsed time spent in this place.
 B = Non-inter-level travel time spent in this place.
 C = Inter-level travel time spent in this place.
 D = Time resting spent in this place.
 E = Time spent auto-exploring this place.
 F = Levels seen in this place.
 G = Mean time per level.
                   A        B        C        D        E       F      G
               +--------+--------+--------+--------+--------+-----+--------+
         Total |   2049 |   2049 |      0 |    123 |   1481 |   2 | 1024.5 |
       Dungeon |   2049 |   2049 |      0 |    123 |   1481 |   2 | 1024.5 |
               +--------+--------+--------+--------+--------+-----+--------+

Top non-repeatable levels by time:
     D:2: 1311 daAuts
     D:1: 737 daAuts
